 Dungeon Crawl Stone Soup version 0.26.1-11-gd32895ea62 (webtiles) character file.

Game seed: 139492742295533293

120162 dtburroughs the Warrior (level 16, -8/148 (151) HPs)
             Began as a Minotaur Berserker on June 12, 2021.
             Was an Elder of Trog.
             Mangled by an alligator (16 damage)
             ... on level 1 of the Swamp on June 13, 2021.
             The game lasted 01:52:47 (40825 turns).

dtburroughs the Warrior (Minotaur Berserker)       Turns: 40825, Time: 01:52:48

HP:   -8/148 (151)  AC: 20    Str: 26    XL:     16   Next: 29%
MP:   5/5           EV: 19    Int:  8    God:    Trog [****..]
Gold: 2187          SH:  5    Dex:  6    Spells: 15/15 levels left

rFire    . . .     SeeInvis +   o - +7 executioner's axe (antimagic)
rCold    . . .     Faith    .   (shield currently unavailable)
rNeg     + + .     Spirit   .   i - +0 ring mail of Delawkei {rElec rPois Dex-5}
rPois    +         Reflect  +   b - +4 hat of Sexkerpho {rN+ Str+2 SInv}
rElec    +         Harm     .   w - +2 cloak
rCorr    .         Rampage  .   t - +0 pair of gloves
Will     +++..                  y - +1 pair of boots of Gestures {rN+}
Stlth    ..........             A - amulet of reflection
HPRegen  1.34/turn              Y - +4 ring of evasion
MPRegen  0.09/turn              M - ring of see invisible

@: regenerating, lightly drained
A: retaliatory headbutt, horns 2
a: Renounce Religion, Berserk, Trog's Hand, Brothers in Arms


You were on level 1 of the Swamp.
You worshipped Trog.
Trog was greatly pleased with you.
You visited 4 branches of the dungeon, and saw 24 of its levels.
You visited the Abyss 1 time.
You also visited: Bailey.

You collected 2824 gold pieces.
You spent 637 gold pieces at shops.

Inventory:

Hand Weapons
 d - a +2 executioner's axe of electrocution
 o - a +7 antimagic executioner's axe (weapon)
 r - a +2 war axe of flaming
 u - a +9 executioner's axe of flaming
Armour
 b - the +4 hat of Sexkerpho (worn) {rN+ Str+2 SInv}
   (You acquired it on level 1 of the Lair of Beasts)

   It affects your strength (+2).
   It protects you from negative energy.
   It lets you see invisible.
 i - the +0 ring mail of Delawkei (worn) {rElec rPois Dex-5}
   (You found it on level 7 of the Dungeon)

   It affects your dexterity (-5).
   It insulates you from electricity.
   It protects you from poison.
 t - a +0 pair of gloves (worn)
 w - a +2 cloak (worn)
 y - the +1 pair of boots of Gestures (worn) {rN+}
   (You acquired it on level 1 of the Lair of Beasts)

   It protects you from negative energy.
 X - a +3 plate armour of fire resistance
Jewellery
 A - an amulet of reflection (around neck)
 M - a ring of see invisible (right hand)
 Y - a +4 ring of evasion (left hand)
Wands
 s - a wand of iceblast (29)
 x - a wand of polymorph (37)
 K - a wand of digging (10)
 L - a wand of acid (54)
 U - a wand of random effects (44)
 V - a wand of flame (10)
Scrolls
 c - 4 scrolls of remove curse
 f - 4 scrolls of magic mapping
 p - 7 scrolls of fog
 q - 4 scrolls of immolation
 C - 10 scrolls of teleportation
 Q - a scroll of holy word {unknown}
Potions
 a - 3 potions of mutation
 e - a potion of resistance
 g - 8 potions of curing
 h - 2 potions of degeneration {unknown}
 j - 2 potions of haste
 l - a potion of cancellation {unknown}
 n - 6 potions of might
 v - 2 potions of ambrosia {unknown}
 z - 7 potions of attraction
 B - 2 potions of lignification {unknown}
 H - 5 potions of flight
 T - a potion of invisibility
Miscellaneous
 I - a condenser vane
 W - a lightning rod (4/4)


   Skills:
 + Level 15.8 Fighting
 + Level 15.8 Axes
 + Level 15.6 Armour
 + Level 14.4 Dodging
 + Level 11.9 Evocations


You had 15 spell levels left.
You didn't know any spells.
Your spell library was empty.

Dungeon Overview and Level Annotations

Branches:
Dungeon (15/15)            Temple (0/1) D:5            Lair (6/6) D:10
  Swamp (1/4) Lair:3       Spider (0/4) Lair:2          Orc (2/2) D:9
    Elf (0/3) Orc:2        Vaults (0/5) D:13         Depths (0/5) D:15
 Bailey (visited)
  Slime: Lair:5-6

Altars:
Gozag
Hepliaklqana
Makhleb
Okawaru
Ru
Sif Muna
Trog
Uskayaw
Xom
Zin

Shops:
D:4 *   D:6 *   D:12 }   D:15 [   Orc:1 *   Orc:2 !?}(

Portals:
Pandemonium: Orc:2

Annotations:
D:11 2 transporters, oc3rt's ghost, novice KoHu
Lair:5 exclusion: 2 oklob plants


Innate Abilities, Weirdness & Mutations

You reflexively headbutt those who attack you in melee.
You have a pair of horns on your head.


Message History

* * * LOW HITPOINT WARNING * * *
The alligator tail-slaps you.
* * * LOW HITPOINT WARNING * * *
The alligator barely misses you. The alligator tail-slaps you.
* * * LOW HITPOINT WARNING * * *
You feel better.
You are engulfed in spectral mist.
The alligator completely misses you. You furiously retaliate!
You headbutt the alligator.
The alligator tail-slaps you but does no damage.
You barely miss the alligator.
The alligator is almost dead.
You are engulfed in spectral mist.
* * * LOW HITPOINT WARNING * * *
The alligator bites you.
* * * LOW HITPOINT WARNING * * *
The alligator completely misses you.
You feel better.
You are engulfed in spectral mist.
The alligator bites you!
* * * LOW HITPOINT WARNING * * *
The alligator barely misses you. The alligator bites you!
You die...

.≈≈
♣....≈.≈≈..≈.≈♣
.≈≈.
♣♣.≈≈≈≈.♣.≈≈≈...
♣...
♣.≈♣≈≈≈.♣♣...≈≈≈
♣.♣.♣
♣♣.≈≈≈☼..♣♣♣.§≈≈.
♣≈≈≈.♣♣≈≈≈[≈≈.≈≈♣
.....
♣.≈≈.≈..♣≈≈≈≈≈♣♣
≈≈≈w≈
♣♣≈§≈°≈♣♣♣....♣
≈.≈≈≈ ♣≈≈t†♣♣
♣♣..≈≈♣ ♣♣.≈@♣
♣♣≈≈.≈. ♣♣..♣
♣♣...♣♣ ♣.≈♣
♣♣.♣♣ ♣♣.♣ .♣ ♣.♣
♣♣♣


You could see an alligator (swift).

Vanquished Creatures
  Jorgrun (D:12)
  Rupert (D:13)
  Kirke (D:14)
  An orc warlord (Orc:2)
  Louise (Swamp:1)
  2 fire dragons
  An ettin (Orc:2)
  An ogre mage (D:13)
  16 hydras
  An ice dragon (D:15)
  Harold (D:11)
  2 catoblepae
  A ghost crab (Swamp:1)
  2 boulder beetles
  A vault guard (D:13)
  2 centaur warriors
  7 two-headed ogres
  6 orc high priests (Orc:2)
  Urug (D:11)
  4 skeletal warriors
  A sixfirhy (Orc:2)
  A swamp dragon (Lair:6)
  3 unseen horrors
  Pikel (D:6)
  2 torturous demonspawn (Orc:2)
  A bog body (Lair:3)
  7 orc sorcerers
  7 orc knights
  A wolf spider (Lair:2)
  11 ugly things
  3 cyclopes
  A deep elf mage (D:13)
  10 elephants
  2 black mambas
  5 centaur zombies
  10 cane toads
  A torpor snail (Lair:2)
  4 gargoyles
  4 rime drakes
  14 komodo dragons
  2 kobold demonologists
  5 yaktaurs (D:15)
  A red devil (Orc:2)
  A hellwing (Orc:2)
  4 trolls
  11 polar bears
  A jumping spider (Lair:2)
  Grinder (D:6)
  A raiju (Lair:6)
  A hornet (D:14)
  6 slime creatures (D:13)
  2 dream sheep (D:10)
  30 blink frogs
  A redback (Lair:2)
  A vampire (D:12)
  Eustachio (D:5)
  A ynoxinul (Orc:2)
  47 yaks
  4 wyverns
  A hog (shapeshifter) (D:14)
  A small abomination (Abyss:3)
  2 wraiths
  5 hogs (D:14)
  8 basilisks
  2 vampire mosquitoes (D:12)
  Menkaure (D:4)
  8 wargs
  A chaos spawn (Orc:2)
  6 steam dragons
  3 swamp worms (Lair:3)
  Edmund (D:4)
  3 acid dragons (Lair:6)
  12 water moccasins
  14 hell hounds (Lair:6)
  A swamp drake (Lair:6)
  7 ice beasts
  2 phantoms
  A sky beast (D:9)
  41 orc warriors
  17 black bears
  14 ogres
  2 eyes of draining (D:13)
  2 necrophages
  33 wolves
  17 centaurs
  5 big kobolds
  Blork the orc (D:5)
  14 bullfrogs
  A gnoll sergeant (D:11)
  5 scorpions
  A wyvern skeleton (D:10)
  12 killer bees
  21 wights
  A howler monkey (D:5)
  5 electric eels
  3 quasits
  3 jellies
  7 hounds
  Crazy Yiuf (D:4)
  2 bullfrog zombies
  28 orc priests
  32 orc wizards
  A bullfrog skeleton (D:10)
  5 centaur skeletons
  Ijyb (D:4)
  7 worker ants
  5 iguanas
  A hound zombie (D:5)
  3 hound skeletons
  2 worker ant zombies
  13 gnolls
  15 adders
  An adder (shapeshifter) (D:9)
  2 shadow imps
  A white imp (D:7)
  An ooze (D:6)
  An adder zombie (D:9)
  An adder skeleton (D:6)
  6 worms
  9 dart slugs
  4 leopard geckos
  127 orcs
  9 bats
  4 giant cockroaches
  19 goblins
  10 hobgoblins
  22 jackals
  7 quokkas
  2 ball pythons
  7 frilled lizards
  15 kobolds
  6 rats
917 creatures vanquished.

Vanquished Creatures (collateral kills)
  A two-headed ogre (D:13)
  An orc knight (Orc:2)
  Maurice (D:13)
  A cane toad (Lair:5)
  2 orc priests (Orc:2)
  A starspawn tentacle (Abyss:3)
7 creatures vanquished.

Vanquished Creatures (others)
  A swamp worm (Swamp:1)
  2 orc warriors (Orc:2)
  An orc priest (Orc:2)
  A kobold (D:13)
  55 fungi
  69 plants
  10 starspawn tentacles (Abyss:3)
139 creatures vanquished.

Grand Total: 1063 creatures vanquished

Notes
Turn   | Place    | Note
-------+----------+-------------------------------------------
     0 | D:1      | dtburroughs the Minotaur Berserker began the quest for the
                  | Orb.
     0 | D:1      | Reached XP level 1. HP: 19/19 MP: 0/0
   193 | D:1      | Reached XP level 2. HP: 27/27 MP: 1/1
   632 | D:1      | Reached XP level 3. HP: 31/33 MP: 2/2
   818 | D:1      | Reached ** piety under Trog
  1258 | D:2      | Reached XP level 4. HP: 34/41 MP: 3/3
  2471 | D:3      | Reached XP level 5. HP: 42/47 MP: 4/4
  2982 | D:3      | Reached *** piety under Trog
  3096 | D:4      | Noticed Ijyb
  3110 | D:4      | Killed Ijyb
  3111 | D:4      | Reached skill level 5 in Fighting
  3111 | D:4      | Reached skill level 5 in Axes
  3114 | D:4      | Noticed Edmund
  3132 | D:4      | Killed Edmund
  3133 | D:4      | Reached XP level 6. HP: 55/56 MP: 5/5
  3193 | D:4      | Found a hazy altar of Hepliaklqana.
  3239 | D:4      | Found an opulent altar of Gozag.
  3248 | D:4      | Found Gozag's Platinum Reserve.
  3583 | D:4      | Found a runed translucent door.
  3590 | D:4      | Noticed Crazy Yiuf
  3618 | D:4      | Noticed Menkaure
  3621 | D:4      | Killed Menkaure
  3622 | D:4      | Reached skill level 5 in Armour
  3622 | D:4      | Reached XP level 7. HP: 62/62 MP: 6/6
  3783 | D:4      | Killed Crazy Yiuf
  3850 | D:5      | Entered Level 5 of the Dungeon
  3876 | D:5      | Reached skill level 1 in Evocations
  4027 | D:5      | Noticed Blork the orc
  4055 | D:5      | Killed Blork the orc
  4056 | D:5      | Reached skill level 5 in Dodging
  4225 | D:5      | Noticed a yak
  4225 | D:5      | Noticed a yak
  4225 | D:5      | Noticed Eustachio
  4230 | D:5      | Killed Eustachio
  4231 | D:5      | Reached XP level 8. HP: 71/71 MP: 7/7
  4542 | D:5      | Found a hide-covered altar of Uskayaw.
  4579 | D:5      | Found a burning altar of Makhleb.
  4808 | D:5      | Found a staircase to the Ecumenical Temple.
  5487 | D:5      | Found a sacrificial altar of Ru.
  5634 | D:6      | Reached XP level 9. HP: 79/79 MP: 8/8
  5662 | D:6      | Found Lomexuol's Assorted Antiques.
  5732 | D:6      | Reached **** piety under Trog
  6053 | D:6      | Noticed Pikel
  6078 | D:6      | Killed Pikel
  7203 | D:6      | Noticed Grinder
  7226 | D:6      | Paralysed by Grinder for 7 turns
  7234 | D:6      | Killed Grinder
  7235 | D:6      | Reached XP level 10. HP: 78/90 MP: 9/9
  7572 | D:6      | Found a shimmering altar of Xom.
  8109 | D:7      | Reached skill level 5 in Evocations
  8444 | D:7      | Found a shimmering blue altar of Sif Muna.
  8510 | D:7      | Found a glowing silver altar of Zin.
  8521 | D:7      | Got a shimmering ring mail
  8546 | D:7      | Identified the cursed +0 ring mail of Delawkei {rElec rPois
                  | Dex-5} (You found it on level 7 of the Dungeon)
  9970 | D:9      | Reached ***** piety under Trog
 10156 | D:9      | Found a shimmering altar of Xom.
 10334 | D:9      | Found a staircase to the Orcish Mines.
 10748 | D:9      | Received a gift from Trog
 11155 | D:10     | Entered Level 10 of the Dungeon
 11169 | D:10     | Reached skill level 10 in Axes
 11224 | D:10     | Reached skill level 10 in Fighting
 11229 | D:10     | Reached XP level 11. HP: 94/99 MP: 10/10
 11257 | D:10     | Noticed a two-headed ogre
 11272 | D:10     | Killed a two-headed ogre
 11353 | D:10     | Reached skill level 10 in Armour
 12156 | D:10     | Found a staircase to the Lair.
 12284 | D:10     | Noticed a three-headed hydra
 12300 | D:10     | Killed a three-headed hydra
 12533 | Lair:1   | Entered Level 1 of the Lair of Beasts
 12628 | D:10     | HP: 3/101 [blink frog (11)]
 13640 | Lair:1   | Noticed a six-headed hydra
 13677 | Lair:1   | Killed a six-headed hydra
 13678 | Lair:1   | Reached skill level 10 in Dodging
 13769 | Lair:1   | Reached XP level 12. HP: 29/110 MP: 11/11
 16724 | Lair:2   | Received a gift from Trog
 17376 | Lair:2   | Found a hole to the Spider Nest.
 18898 | Lair:3   | Noticed a five-headed hydra
 18907 | Lair:3   | Killed a three-headed hydra
 19186 | Lair:3   | Found a staircase to the Swamp.
 20342 | Lair:4   | Reached XP level 13. HP: 97/119 MP: 12/12
 21440 | Lair:4   | Found an iron altar of Okawaru.
 22787 | Lair:5   | Received a gift from Trog
 23197 | Lair:6   | Entered Level 6 of the Lair of Beasts
 25376 | Lair:5   | Reached XP level 14. HP: 44/129 MP: 13/13
 26893 | Lair:6   | Reached skill level 10 in Evocations
 27592 | Lair:6   | Received a gift from Trog
 28701 | D:11     | Noticed Urug
 28709 | D:11     | Killed Urug
 28894 | D:11     | Found a transporter.
 28904 | D:11     | Found a transporter.
 28905 | D:11     | Noticed oc3rt's ghost (novice KoHu)
 28928 | D:11     | Noticed Harold
 28945 | D:11     | Killed Harold
 29945 | D:12     | Received a gift from Trog
 30080 | D:12     | Found Yfokk's Gadget Emporium.
 30112 | D:12     | Noticed Jorgrun
 30129 | D:12     | Killed Jorgrun
 30747 | D:13     | Noticed Rupert
 30757 | D:13     | Killed Rupert
 30759 | D:13     | Noticed Maurice
 30762 | D:13     | Killed Maurice
 31017 | D:13     | Reached XP level 15. HP: 138/139 MP: 4/14
 31327 | D:13     | Found a flagged portal.
 31336 | Bailey   | Entered a bailey
 31374 | Bailey   | Found an iron altar of Okawaru.
 31385 | Bailey   | Received a gift from Trog
 32625 | D:13     | Found a gate to the Vaults.
 33421 | D:14     | Received a gift from Trog
 33560 | D:14     | Reached skill level 15 in Fighting
 33560 | D:14     | Reached skill level 15 in Axes
 33575 | D:14     | Noticed Kirke
 33583 | D:14     | Noticed a sphinx
 33588 | D:14     | Killed Kirke
 33711 | D:14     | Reached skill level 15 in Armour
 34271 | D:15     | Entered Level 15 of the Dungeon
 35014 | D:15     | Found Loizxoko's Armour Shop.
 35477 | D:15     | Found a staircase to the Depths.
 35934 | D:15     | Bought a +1 plate armour of fire resistance for 525 gold
                  | pieces
 36147 | Orc:1    | Entered Level 1 of the Orcish Mines
 36147 | Orc:1    | Found Hyantamuph's Humungous Hoard.
 36306 | Orc:1    | Reached ****** piety under Trog
 36545 | Orc:1    | Received a gift from Trog
 36558 | Orc:1    | Got an ancient glaive {god gift}
 36559 | Orc:1    | Identified the +7 glaive of Bloody Death {flame, +Blink}
                  | (Trog gifted it to you on level 1 of the Orcish Mines)
 36577 | Orc:1    | Found a bloodstained altar of Trog.
 36764 | Orc:2    | Entered Level 2 of the Orcish Mines
 36904 | Orc:2    | Noticed an orc warlord
 36921 | Orc:2    | Killed an orc warlord
 36951 | Orc:2    | Found a staircase to the Elven Halls.
 37591 | Orc:2    | Found Fyoptuc's Magic Scroll Shoppe.
 37591 | Orc:2    | Found Gerino's Distillery.
 37594 | Orc:2    | Reached XP level 16. HP: 135/149 MP: 5/15
 37601 | Orc:2    | HP: 2/149 [sixfirhy (9)]
 38133 | Orc:2    | Bought a potion of heal wounds for 70 gold pieces
 38133 | Orc:2    | Bought a potion of curing for 42 gold pieces
 38789 | Orc:2    | Paralysed by an orc sorcerer for 5 turns
 38804 | Orc:2    | Received a gift from Trog
 39153 | Orc:2    | Found Faosy's Gadget Shop.
 39153 | Orc:2    | Found a one-way gate leading to the halls of Pandemonium.
 39153 | Orc:2    | Found Qopeisex's Antique Weapon Boutique.
 39156 | Orc:2    | Paralysed by an orc sorcerer for 6 turns
 39842 | Lair:1   | Acquired the +4 hat of Sexkerpho {rN+ Str+2 SInv}
 39851 | Lair:1   | Acquired the +1 pair of boots of Gestures {rN+}
 40203 | Swamp:1  | Entered Level 1 of the Swamp
 40211 | Swamp:1  | Noticed Louise
 40213 | Swamp:1  | Cast into level 3 of the Abyss (Louise)
 40308 | Abyss:3  | Noticed an ancient lich
 40327 | Abyss:3  | Noticed a tentacled starspawn
 40333 | Abyss:3  | Noticed a bone dragon
 40347 | Abyss:3  | Paralysed by an ancient lich for 2 turns
 40375 | Abyss:3  | Noticed a tentacled starspawn
 40445 | Abyss:3  | Noticed a tentacled starspawn
 40491 | Swamp:1  | Escaped the Abyss
 40496 | Swamp:1  | Killed Louise
 40825 | Swamp:1  | Mangled by an alligator

Illustrated notes

Levels and vault maps discovered:
D:1:      erik_arrival_blinker_ship, layout_loops_ring
D:2:      layout_loops_cross, minivault_5, minmay_misc_feat_rows, st_stairs_8
D:3:      layout_loops_ring
D:4:      layout_rooms, nicolae_gozag_zags_fifth_avenue, kennysheep_mini_moat,
          st_stairs_5, uniq_edmund, uniq_menkaure, uniq_ijyb,
          uniq_crazy_yiuf_cottage
D:5:      layout_gridville, general_overflow_altar, makhleb_heckhound_becter,
          lemuel_doored_altar, minmay_temple_entry_sparse_star, uniq_eustachio,
          uniq_blork_the_orc
D:6:      layout_basic, marbit_many_paths, serial_glass, glass_columns_c,
          glass_columns_a, serial_shops, nicolae_shop_statue_plus, uniq_pikel,
          uniq_grinder
D:7:      layout_basic, zin_statuary, grunt_decor_mini_mirrors,
          lemuel_blue_sif_altar
D:8:      layout_loops_cross, kennysheep_generic_room_15
D:9:      layout_loops_ring, hiddenorc2_lemuel, basic_altar
D:10:     layout_cave_pools, lair_entry_dummy, hangedman_ranch
          [blue_anna_fruit_fields]
D:11:     layout_basic, gammafunk_ghost_mausoleum, uniq_urug, uniq_harold
D:12:     layout_cave_pools, serial_shops, nicolae_shop_statue_plus,
          uniq_jorgrun
D:13:     layout_irregular_city, david_vaults_4, enter_bailey_6,
          gauntlet_entry_generic, hive_lemuel, uniq_maurice, uniq_rupert
D:14:     layout_rooms, chequers_serial_rivers_small_b, uniq_kirke
D:15:     grunt_enter_depths_hoard, layout_long_grid, serial_shops, shop,
          chequers_arboretum, columned_hall_lemuel
Lair:1:   layout_regular_city, beast_lair_carwin_7, grunt_megastairs_1
Lair:2:   layout_cellular_growth, spider_nest_entry_funnel_web,
          grunt_megastairs_3
Lair:3:   layout_regular_city, nicolae_swamp_entry_splash_gauntlet
Lair:4:   layout_cave_pods, basic_altar
Lair:5:   layout_concentric_octagons, minmay_slime_entry_oklob_open
Lair:6:   guppyfry_lair_end_dragon, layout_misc_corridors,
          hangedman_lair_caniforms_friends
Swamp:1:  layout_falls_marsh, evilmike_swamp_ruin_house_3, uniq_louise
Orc:1:    layout_caves, nicolae_alphabet_shops, nicolae_orc_lava_tube, trog_book
Orc:2:    pf_orc_diabolical, layout_diamond_mine

Skill      XL: |  1  2  3  4  5  6  7  8  9 10 11 12 13 14 15 |
---------------+----------------------------------------------+-----
Fighting       | 4 5 6 7 8 10 11 12 13 14 15 | 15.8
Axes           | 4 5 6 7 8 10 11 12 13 14 15 | 15.8
Armour         | 3 4 5 7 8 9 11 12 13 14 15 | 15.6
Dodging        | 3 4 5 6 7 8 10 11 12 13 14 | 14.4
Evocations     | 2 3 4 6 7 8 9 10 11 | 11.9

Action                   |  1- 3 |  4- 6 |  7- 9 | 10-12 | 13-15 | 16-18 || total
-------------------------+-------+-------+-------+-------+-------+-------++-------
Melee: Hand axe          |    69 |   129 |   303 |   336 |       |       ||   837
       Headbutt          |     9 |    26 |    73 |   188 |   189 |    27 ||   512
       Unarmed           |       |       |     2 |       |       |       ||     2
       War axe           |       |       |       |   371 |       |       ||   371
       Flail             |       |       |       |    76 |       |       ||    76
       Executioner's axe |       |       |       |   114 |   923 |   162 ||  1199
Invok: Trog's Hand       |       |     3 |     2 |     7 |     8 |     9 ||    29
       Berserk           |       |       |     3 |       |       |       ||     3
       Brothers in Arms  |       |       |       |     1 |     2 |     4 ||     7
Evoke: Wand              |       |     2 |     2 |       |    13 |     4 ||    21
  Use: Scroll            |       |       |       |    17 |    28 |    15 ||    60
       Potion            |       |       |       |     1 |     9 |     6 ||    16
 Stab: Distracted        |       |       |       |       |     1 |       ||     1
Armor: Animal skin       |     7 |       |       |       |       |       ||     7
       Scale mail        |     5 |     4 |       |       |       |       ||     9
       Chain mail        |       |    46 |     3 |       |       |       ||    49
       Plate armour      |       |       |   207 |   483 |   822 |   116 ||  1628
       Ring mail         |       |       |       |       |       |    17 ||    17
Dodge: Dodged            |    54 |    65 |   118 |   402 |   844 |   238 ||  1721
Block: Other             |       |       |       |   186 |   303 |    54 ||   543
       Reflection        |       |       |       |     7 |    17 |     2 ||    26
